 Dungeon Crawl Stone Soup version 0.27.1-33-g824d729ab1 (webtiles) character file.

Game seed: 14485032973245751612

64 Brozuf the Poker (level 4, -3/37 HPs)
             Began as a Merfolk Monk on Dec 13, 2021.
             Slain by a steam dragon (4 damage)
             ... on level 2 of the Dungeon.
             The game lasted 00:05:26 (2445 turns).

Brozuf the Poker (Merfolk Monk)                     Turns: 2445, Time: 00:05:27

Health: -3/37      AC:  5    Str: 12    XL:     4   Next: 12%
Magic:  4/4        EV: 12    Int:  9    God:
Gold:   132        SH:  0    Dex: 16    Spells: 3/3 levels left

rFire    . . .     SeeInvis .   a - +0 spear
rCold    . . .     Faith    .   (no shield)
rNeg     . . .     Spirit   .   h - +0 ring mail
rPois    .         Reflect  .   (no helmet)
rElec    .         Harm     .   (no cloak)
rCorr    .         Rampage  .   (no gloves)
Will     .....                  (no boots)
Stlth    +.........             (no amulet)
HPRegen  0.12/turn              (no ring)
MPRegen  0.09/turn              (no ring)

@: lethally poisoned (-3 -> -7)
A: (nimble swimmer 2), mertail
a: no special abilities


You were on level 2 of the Dungeon.
You visited 1 branch of the dungeon, and saw 2 of its levels.

You collected 132 gold pieces.

Inventory:

Hand Weapons
 a - a +0 spear (weapon)
Missiles
 c - 18 poisoned darts (quivered)
Armour
 h - a +0 ring mail (worn)
   (You found it on level 1 of the Dungeon)
Scrolls
 d - a scroll of blinking {unknown}
 e - a scroll of identify {unknown}
 f - 2 scrolls of teleportation {unknown}
 g - a scroll of fog {unknown}


   Skills:
 + Level 3.8 Fighting
 * Level 5.9 Polearms
 + Level 1.1 Armour
 - Level 4.0 Dodging
 - Level 2.1 Stealth


You had 3 spell levels left.
You didn't know any spells.
Your spell library contained the following spells:

 Spells                   Type           Power      Damage    Failure   Level
 Passwall                 Tmut/Erth      0%         N/A       80%         2
 Swiftness                Air            0%         N/A       95%         3
 Invisibility             Hex            0%         N/A       100%        6


Dungeon Overview and Level Annotations

Branches:
Dungeon (2/15)

Altars:
Ashenzari

Annotations:
D:2 exclusion: adder


Innate Abilities, Weirdness & Mutations

((You are quick and stealthy near water. (Stealth+, EV+, Speed+++)))
Your lower body shifts to a powerful aquatic tail in water.


Message History

The steam dragon evaporates and reforms as a killer bee!
The killer bee stings you but does no damage.
The killer bee stings you.
You are too injured to fight recklessly!
You are too injured to fight recklessly!
You are too injured to fight recklessly!
You are too injured to fight recklessly!
You are too injured to fight recklessly!
You hit the killer bee.
The killer bee stings you but does no damage.
You closely miss the killer bee. The killer bee closely misses you. x2
You closely miss the killer bee. The killer bee closely misses you. x2
You miss the killer bee. The killer bee stings you.
You hit the killer bee but do no damage.
The killer bee stings you.
* * * LOW HITPOINT WARNING * * *
The killer bee stings you.
* * * LOW HITPOINT WARNING * * *
Unknown command.
Unknown command.
You hit the killer bee but do no damage.
The killer bee closely misses you. x2
You completely miss the killer bee. The killer bee stings you.
* * * LOW HITPOINT WARNING * * *
You are poisoned.
The killer bee poisons you!
Unknown command.
Unknown command.
Aiming: Polymorph
Aim: a killer bee (lightly wounded, will become a fire bat, a steam dragon, or an acid dragon, chance to affect: 54%)
The killer bee evaporates and reforms as a steam dragon!
The now-empty wand crumbles to dust.
* * * LOW HITPOINT WARNING * * *
You feel sick.
Unknown command.
Unknown command.
You aren't carrying any potions.
Unknown command.
Unknown command.
You closely miss the steam dragon.
* * * LOW HITPOINT WARNING * * *
You feel sick. The steam dragon bites you.
* * * LOW HITPOINT WARNING * * *
The steam dragon closely misses you.
Unknown command.
Unknown command.
You hit the steam dragon.
* * * LOW HITPOINT WARNING * * *
You feel sick. The steam dragon bites you.
You die...

# ## ####### ##.
.....####### #..
#####.#..D@...# #.#
........#####.####
###.# ......#.#
#.##.######.#.# .....
#.# #..........#..#
...b #.#
#......##.###.. ...
#.#####.#...####.#..#
## ####.......##†##
##.#.# ..###.######.#
###.# # #.# #.# #.#
#.#


You could see a steam dragon.

Vanquished Creatures
  A dart slug (D:2)
  A bat skeleton (D:2)
  A bat zombie (D:2)
  9 endoplasms
  4 giant cockroaches (D:1)
  8 goblins
  5 hobgoblins
  5 quokkas
  4 ball pythons
  6 bats
  4 frilled lizards
  2 kobolds (D:1)
  2 rats
52 creatures vanquished.

Notes
Turn   | Place    | Note
-------+----------+-------------------------------------------
     0 | D:1      | Brozuf the Merfolk Monk began the quest for the Orb.
     0 | D:1      | Reached XP level 1. HP: 18/18 MP: 1/1
   206 | D:1      | Found a faded altar of an unknown god.
   367 | D:1      | Reached XP level 2. HP: 24/24 MP: 2/2
   476 | D:1      | Reached skill level 5 in Polearms
   666 | D:1      | Reached XP level 3. HP: 29/29 MP: 3/3
  1477 | D:2      | Reached skill level 1 in Armour
  1824 | D:2      | Found a broken altar of Ashenzari.
  2061 | D:2      | Reached XP level 4. HP: 37/37 MP: 4/4
  2429 | D:2      | Noticed a bullfrog
  2429 | D:2      | an adder changed into a bullfrog
  2433 | D:2      | Noticed a steam dragon
  2433 | D:2      | a bullfrog changed into a steam dragon
  2435 | D:2      | a steam dragon changed into a killer bee
  2443 | D:2      | Noticed a steam dragon
  2443 | D:2      | a killer bee changed into a steam dragon
  2445 | D:2      | HP: 1/37 [poisoned by a killer bee]
  2445 | D:2      | Slain by a steam dragon

Illustrated notes

Levels and vault maps discovered:
D:1:      matt_arrival_los_fun, layout_rooms,
          ebering_ecumenical_altar_sacrificial, minivault_23
D:2:      layout_loops_corners, serial_undead, serial_undead_b, serial_undead_f,
          serial_undead_d, serial_undead_c, serial_undead_c, serial_undead_a,
          basic_altar, amcnicky_mini_corridor_feature, minmay_crystal_room

Skill      XL: |  1  2  3 |
---------------+----------+-----
Polearms       | 5 |  5.9
Armour         | 1 |  1.1
Fighting       | |  3.8
Dodging        | |  4.0
Stealth        | |  2.1

Action                   |  1- 3 |  4- 6 || total
-------------------------+-------+-------++-------
Melee: Spear             |   156 |    32 ||   188
Evoke: Wand              |     2 |     8 ||    10
 Stab: Sleeping          |    11 |       ||    11
Armor: Robe              |    25 |       ||    25
       Ring mail         |     8 |     5 ||    13
Dodge: Dodged            |    71 |    19 ||    90
